 Dungeon Crawl Stone Soup version 0.28-a0-1395-g4f6bc678fa (webtiles) character file.

Game seed: 16658873758261026969

171 Deminshera the Sneak (level 5, -2/28 HPs)
             Began as a Kobold Venom Mage on Jan 4, 2022.
             Slain by Duvessa (11 damage)
             ... on level 4 of the Dungeon.
             The game lasted 00:04:09 (5540 turns).

Deminshera the Sneak (Kobold Venom Mage)            Turns: 5540, Time: 00:04:09

Health: -2/28      AC:  2    Str:  3 (6)  XL:     5   Next: 81%
Magic:  1/8        EV: 15    Int: 15 (18) God:
Gold:   164        SH:  0    Dex: 14 (15) Spells: 6/9 levels left

rFire   + . .      SeeInvis .   g - +2 short sword (vamp)
rCold   + . .      Faith    .   (no shield)
rNeg    . . .      Spirit   .   a - +0 robe
rPois   .          Reflect  .   (no helmet)
rElec   .          Harm     .   f - scarf {rC+ rF+}
rCorr   .          Rampage  .   (no gloves)
Will    .....                   (no boots)
Stlth   +++.......              (no amulet)
HPRegen 0.09/turn               (no ring)
MPRegen 0.11/turn               (no ring)

@: brilliant
A: small, no large weapons, nightstalker 3
a: no special abilities


You were on level 4 of the Dungeon.
You visited 1 branch of the dungeon, and saw 4 of its levels.

You collected 164 gold pieces.

Inventory:

Hand Weapons
 g - a +2 vampiric short sword (weapon)
Armour
 a - a +0 robe (worn)
 f - a scarf of resistance (worn)
 k - a +0 buckler
Scrolls
 c - 2 scrolls of blinking {unknown}
 e - a scroll of identify {unknown}
 i - a scroll of fear {unknown}
 j - 2 scrolls of teleportation {unknown}
Potions
 b - a potion of heal wounds {unknown}
 d - 2 potions of brilliance
 h - a potion of degeneration
 l - 3 potions of curing {unknown}


   Skills:
 + Level 2.0 Short Blades
 - Level 2.9 Dodging
 - Level 3.5 Stealth
 + Level 2.7 Shields
 - Level 2.6 Spellcasting
 - Level 1.6 Transmutations
 - Level 0.3 Air Magic
 - Level 3.2 Poison Magic


You had 6 spell levels left.
You knew the following spells:

 Your Spells              Type           Power      Damage    Failure   Level
a - Sting                 Tmut/Pois      52%        1d5       8%          1
b - Poisonous Vapours     Pois/Air       22%        N/A       16%         2

Your spell library contained the following spells:

 Spells                   Type           Power      Damage    Failure   Level
 Mephitic Cloud           Conj/Pois/Air  8%         N/A       36%         3
 Olgreb's Toxic Radiance  Pois           17%        N/A       50%         4


Dungeon Overview and Level Annotations

Branches:
Dungeon (4/15)
 Temple: D:4-7

Altars:
Nemelex Xobeh
Yredelemnul

Shops:
D:4 [

Annotations:
D:4 Dowan, Duvessa


Innate Abilities, Weirdness & Mutations

You are small and have problems with some larger weapons.
You are completely attuned to the shadows.


Message History

Press: ? - help, Dir - move target, f/p - Duvessa
Aim: Duvessa, wielding a +0 short sword and wearing a +0 ring mail (lightly wounded, poisoned) Poisonous vapours surround Duvessa!
Duvessa looks even sicker.
Duvessa looks more healthy.
Casting: Poisonous Vapours (safe; 12% risk of failure)
Confirm with . or Enter, or press ? or * to list all spells.
Aiming: Poisonous Vapours (safe; 12% risk of failure)
Press: ? - help, Dir - move target, f/p - Duvessa
Aim: Duvessa, wielding a +0 short sword and wearing a +0 ring mail (moderately wounded) Poisonous vapours surround Duvessa!
Duvessa is poisoned.
Duvessa completely misses you.
Dowan points at Duvessa and mumbles some strange words.
Duvessa seems to speed up.
Casting: Poisonous Vapours (safe; 12% risk of failure)
Confirm with . or Enter, or press ? or * to list all spells.
Aiming: Poisonous Vapours (safe; 12% risk of failure)
Press: ? - help, Dir - move target, f/p - Duvessa
Aim: Duvessa, wielding a +0 short sword and wearing a +0 ring mail (moderately wounded, fast, poisoned) Poisonous vapours surround Duvessa!
Duvessa looks even sicker.
Duvessa misses you. Duvessa hits you with a +0 short sword.
Duvessa hits you with a +0 short sword.
It was a potion of brilliance.
You feel clever all of a sudden.
You are no longer glowing.
Duvessa hits you with a +0 short sword.
Duvessa looks more healthy.
Duvessa hits you with a +0 short sword!
Casting: Poisonous Vapours (safe; 12% risk of failure)
Confirm with . or Enter, or press ? or * to list all spells.
Aiming: Poisonous Vapours (safe; 12% risk of failure)
Press: ? - help, Dir - move target, f/p - Duvessa
Aim: Duvessa, wielding a +0 short sword and wearing a +0 ring mail (heavily wounded, fast)
You feel a surge of power!
Poisonous vapours surround Duvessa!
Duvessa is poisoned.
Duvessa completely misses you.
Dowan casts a spell.
Dowan blinks!
Duvessa barely misses you.
It was a potion of degeneration.
There was something very wrong with that liquid.
You feel weakened.
You feel dopey.
You feel clumsy. Duvessa hits you with a +0 short sword!
You die...

#........# #....<...#
#........# #####........#
#...e.###...## # ######.#####
###..##### .e....# ####......
##...e# #...†##### #...@#
#.##.# #....# .. #.# #....####
# #.# .# #....#..#######.##
..######....#..#.....#..#
###.....#........#.∩.>.#..#
...#.........##.#.....#..#
###..............#######..# .
#.................#.###...##..


You could see Duvessa (fast, poisoned) and Dowan.

Vanquished Creatures
  A scorpion (D:4)
  A howler monkey (D:3)
  2 adders
  A worm (D:3)
  4 orcs (D:3)
  3 endoplasms
  2 giant cockroaches
  4 goblins
  4 hobgoblins
  3 jackals (D:3)
  7 kobolds
  6 ball pythons
  4 bats
  4 frilled lizards
  4 rats
  A spectral orc (D:3)
51 creatures vanquished.

Notes
Turn   | Place    | Note
-------+----------+-------------------------------------------
     0 | D:1      | Deminshera the Kobold Venom Mage began the quest for the
                  | Orb.
     0 | D:1      | Reached XP level 1. HP: 10/10 MP: 3/3
   149 | D:1      | Found a faded altar of an unknown god.
   470 | D:1      | Reached XP level 2. HP: 12/15 MP: 1/5
   839 | D:1      | Learned a level 2 spell: Poisonous Vapours
  1685 | D:2      | Found a sparkling altar of Nemelex Xobeh.
  1765 | D:2      | Reached XP level 3. HP: 19/19 MP: 4/6
  3447 | D:3      | Reached XP level 4. HP: 24/24 MP: 5/7
  4571 | D:3      | Reached XP level 5. HP: 28/28 MP: 8/8
  4906 | D:3      | Found a basalt altar of Yredelemnul.
  5043 | D:4      | Noticed Duvessa
  5043 | D:4      | Noticed Dowan
  5429 | D:4      | Found Ferit's Armour Shoppe.
  5540 | D:4      | Slain by Duvessa

Illustrated notes

Levels and vault maps discovered:
D:1:      dpeg_arrival_houses_and_road, layout_basic,
          shapermc_ecumenical_altar_venn
D:2:      layout_loops_ring, basic_altar, hex_large
D:3:      layout_loops_corners, yredelemnul_forgotten_temple_becter
D:4:      layout_rooms, nicolae_take_the_stairs, minmay_small_thing,
          uniq_duvessa, uniq_edmund

Skill      XL: |  1  2  3  4  5 |
---------------+----------------+-----
Stealth        | 3 |  3.5
Shields        | 2 |  2.7
Short Blades   | 2 |  2.0
Dodging        | |  2.9
Spellcasting   | |  2.6
Transmutations | |  1.6
Air Magic      | |  0.3
Poison Magic   | |  3.2

Action                   |  1- 3 |  4- 6 || total
-------------------------+-------+-------++-------
Melee: Dagger            |    16 |       ||    16
       Short sword       |    46 |    30 ||    76
 Cast: Sting             |    20 |     8 ||    28
       Poisonous Vapours |     2 |    12 ||    14
  Use: Potion            |       |     2 ||     2
 Stab: Sleeping          |    13 |     5 ||    18
Armor: Robe              |    10 |     3 ||    13
Dodge: Dodged            |    55 |    28 ||    83

Table legend: (Time is in decaauts)
 A = Elapsed time spent in this place.
 B = Non-inter-level travel time spent in this place.
 C = Inter-level travel time spent in this place.
 D = Time resting spent in this place.
 E = Time spent auto-exploring this place.
 F = Levels seen in this place.
 G = Mean time per level.
                   A        B        C        D        E       F      G
               +--------+--------+--------+--------+--------+-----+--------+
         Total |   5546 |   5341 |    205 |   2064 |   2781 |   4 | 1386.5 |
       Dungeon |   5546 |   5341 |    205 |   2064 |   2781 |   4 | 1386.5 |
               +--------+--------+--------+--------+--------+-----+--------+

Top non-repeatable levels by time:
     D:3: 2226 daAuts
     D:1: 1573 daAuts
     D:2: 1264 daAuts
     D:4: 482 daAuts
